 Dungeon Crawl Stone Soup version 0.27-a0-906-g0a00ce863d (webtiles) character file.

Game seed: 12037848528047988153

3882 Alarkh the Grappler (level 10, -1/77 HPs)
             Began as a Demonspawn Gladiator on Apr 6, 2021.
             Was a Follower of Uskayaw.
             Slain by an orc warrior
             ... wielding a +0 glaive
              (3 damage)
             ... on level 8 of the Dungeon.
             The game lasted 00:12:39 (9399 turns).

Alarkh the Grappler (Demonspawn Gladiator)          Turns: 9399, Time: 00:12:40

Health: -1/77      AC: 11    Str: 15    XL:     10   Next: 0%
Magic:  10/10      EV: 13    Int: 13    God:    Uskayaw [*.....]
Gold:   415        SH:  8    Dex: 14    Spells: 9/9 levels left

rFire    . . .     SeeInvis .     - Unarmed
rCold    . . .     Faith    .   C - +3 warlock's mirror {reflect}
rNeg     + . .     Spirit   .   a - +0 leather armour
rPois    .         Reflect  +   b - +0 helmet
rElec    .         Harm     .   x - +0 cloak
rCorr    .         Rampage  .   (no gloves)
Will     .....                  (no boots)
Stlth    ++........             n - amulet of magic regeneration
HPRegen  0.22/turn              v - ring of positive energy
MPRegen  0.49/turn              y - +4 ring of protection

@: on berserk cooldown
A: claws 2, demonic guardian 1, magic regeneration, sharp scales 2
a: Renounce Religion, Stomp


You were on level 8 of the Dungeon.
You worshipped Uskayaw.
Uskayaw was noncommittal.
You visited 2 branches of the dungeon, and saw 11 of its levels.
You also visited: Sewer.

You collected 415 gold pieces.

Inventory:

Missiles
 c - 10 throwing nets (quivered)
 o - 27 poisoned darts
 s - a curare-tipped dart
Armour
 a - a +0 leather armour (worn)
 b - a +0 helmet (worn)
 x - a +0 cloak (worn)
 C - the +3 warlock's mirror (worn) {reflect}
   (You found it on level 6 of the Dungeon)
Jewellery
 n - an amulet of magic regeneration (around neck)
 v - a ring of positive energy (left claw)
 y - a +4 ring of protection (right claw)
Wands
 d - a wand of acid (20)
 u - a wand of flame (20)
Scrolls
 e - 5 scrolls of teleportation
 f - a scroll of vulnerability
 g - a scroll of enchant weapon {unknown}
 i - a scroll of fog
 j - a scroll of brand weapon {unknown}
 p - 2 scrolls of fear
 t - a scroll of blinking {unknown}
 w - 5 scrolls of identify {unknown}
 A - a scroll of holy word {unknown}
 D - a scroll of amnesia {unknown}
 E - a scroll of acquirement {unknown}
 G - a scroll of magic mapping {unknown}
Potions
 k - a potion of might
 l - 2 potions of curing
 m - 2 potions of heal wounds
 q - a potion of haste
 r - a potion of magic {unknown}
 z - a potion of attraction {unknown}
 B - 2 potions of brilliance
 F - a potion of cancellation {unknown}


   Skills:
 + Level 6.9 Fighting
 - Level 1.7 Throwing
 + Level 3.8 Armour
 + Level 4.9 Dodging
 + Level 4.1 Stealth
 + Level 2.9 Shields
 * Level 9.2 Unarmed Combat


You had 9 spell levels left.
You didn't know any spells.
Your spell library contained the following spells:

 Spells                   Type           Power      Damage    Failure   Level
 Beastly Appendage        Tmut           0%         N/A       41%         1
 Freeze                   Ice            0%         1d3       41%         1
 Magic Dart               Conj           0%         1d3       41%         1
 Blink                    Tloc           N/A        N/A       54%         2
 Call Imp                 Summ           0%         N/A       54%         2
 Slow                     Hex            0%         N/A       54%         2
 Wereblood                Tmut           0%         N/A       54%         2
 Confusing Touch          Hex            0%         N/A       78%         3
 Conjure Flame            Conj/Fire      0%         6-21      78%         3
 Frozen Ramparts          Ice            0%         1d2       78%         3
 Gell's Gravitas          Tloc           0%         N/A       78%         3
 Mephitic Cloud           Conj/Pois/Air  0%         N/A       78%         3
 Ozocubu's Armour         Ice            0%         N/A       78%         3
 Spider Form              Tmut/Pois      0%         N/A       78%         3
 Hailstorm                Conj/Ice       0%         3d3       99%         4
 Ice Form                 Ice/Tmut       0%         N/A       99%         4
 Petrify                  Tmut/Erth      0%         N/A       99%         4
 Summon Ice Beast         Ice/Summ       0%         N/A       99%         4
 Hydra Form               Tmut           0%         N/A       100%        5
 Metabolic Englaciation   Hex/Ice        0%         N/A       100%        5
 Yara's Violent Unravell  Hex/Tmut       0%         3d3       100%        5


Dungeon Overview and Level Annotations

Branches:
Dungeon (10/15)            Temple (1/1) D:7           Sewer (visited)
   Lair: D:8-11         Orc: D:9-12

Altars:
Ashenzari
Cheibriados
Dithmenos
Elyvilon
Fedhas
Gozag
Hepliaklqana
Kikubaaqudgha
Makhleb
Nemelex Xobeh
Qazlal
Ru
Sif Muna
Trog
Uskayaw
Vehumet
Wu Jian
Xom
Yredelemnul
Zin
The Shining One

Shops:
D:2 [   D:3 *   D:8 (


Innate Abilities, Weirdness & Mutations

You have very sharp fingernails.
A weak demonic guardian rushes to your aid.
You regenerate magic rapidly.
You are mostly covered in razor-sharp scales. (AC +2, Slay +2)


Message History

You are engulfed in a cloud of scalding steam.
You block the orc warrior's attack.
An orc comes into view. It is wielding a +0 war axe.
The steam dragon breathes steam at you. The ball of steam hits you.
The orc warrior hits you from afar with a +0 glaive.
You can now pass through a line of other dancers.
You mangle the steam dragon!!
You kill the steam dragon!
You are engulfed in a cloud of scalding steam.
* * * LOW HITPOINT WARNING * * *
The orc warrior hits you from afar with a +0 glaive!
* * * LOW HITPOINT WARNING * * *
You have reached level 10!
Your demonic ancestry asserts itself...
You feel the presence of a demonic guardian.
An orc comes into view. It is wielding a +0 hand axe.
You block the orc warrior's attack. The orc warrior misses you.
You block the orc warrior's attack.
You can no longer pass through a line of other dancers.
The orc warrior barely misses you. The orc warrior completely misses you.
The orc warrior misses you. The orc closely misses you.
The orc warrior closely misses you. The orc misses you.
The orc warrior hits you from afar with a +0 glaive!
* * * LOW HITPOINT WARNING * * *
A demonic guardian appears!
The sentinel's mark upon you fades away.
Your quasit bites the orc warrior but does no damage.
Your quasit claws the orc warrior but does no damage. x2
There is a stone staircase leading up here.
You feel yourself speed up.
Your quasit bites the orc warrior but does no damage.
Your quasit completely misses the orc warrior.
Your quasit barely misses the orc warrior.
You block the orc's attack.
The orc warrior hits you from afar with a +0 glaive.
You die...

##..........................
##...........................
##............................
##..#..........................
##.o##...............[..........
##.o.##..........................
#...###...............>...†......
#.o.# #........o.................
....# #.......oo@................
.†..###......5........#.........>
.....).................#........#
.................###..........###
.................# ##......####
...............### #.......
........<......# .
...∩...........# ................


You could see an orc warrior (ally target), 2 orcs and a friendly quasit
(summoned).

Vanquished Creatures
  Harold (D:8)
  Grinder (D:4)
  A steam dragon (D:8)
  A water moccasin (D:6)
  A sky beast (D:7)
  2 black bears
  3 ice beasts
  A necrophage (D:8)
  An ogre (D:6)
  2 centaurs (D:7)
  A phantom (D:7)
  2 kobold brigands (Sewer)
  A bullfrog (D:8)
  A scorpion (D:6)
  A water moccasin skeleton (D:5)
  6 killer bees (D:7)
  5 wights (D:6)
  2 jellies
  A gnoll shaman (D:6)
  2 orc priests
  A hound (D:5)
  A centaur skeleton (D:4)
  Crazy Yiuf (D:4)
  Jessica (D:3)
  6 orc wizards
  6 iguanas
  A howler monkey zombie (D:7)
  10 gnolls
  16 adders
  A river rat (Sewer)
  2 shadow imps
  A white imp (D:7)
  An adder skeleton (D:4)
  4 worms
  A dart slug (D:3)
  25 orcs
  5 bats
  5 endoplasms
  10 giant cockroaches
  2 goblins
  8 hobgoblins
  6 jackals (D:1)
  3 quokkas
  8 ball pythons
  4 frilled lizards
  10 kobolds
  11 rats
186 creatures vanquished.

Vanquished Creatures (others)
  An orc wizard (D:5)
  An orc (D:7)
2 creatures vanquished.

Grand Total: 188 creatures vanquished

Notes
Turn   | Place    | Note
-------+----------+-------------------------------------------
     0 | D:1      | Alarkh the Demonspawn Gladiator began the quest for the
                  | Orb.
     0 | D:1      | Reached XP level 1. HP: 16/16 MP: 1/1
   146 | D:1      | Reached skill level 3 in Unarmed Combat
   150 | D:1      | Gained mutation: You are partially covered in razor-sharp
                  | scales. (AC +1, Slay +1) [demonic ancestry]
   150 | D:1      | Reached XP level 2. HP: 4/22 MP: 2/2
   517 | D:2      | Found an opulent altar of Gozag.
   681 | D:2      | Gained mutation: You have sharp fingernails. [demonic
                  | ancestry]
   681 | D:2      | Reached XP level 3. HP: 23/28 MP: 3/3
   944 | D:2      | Found Maupur's Antique Armour Shoppe.
  1268 | D:1      | Reached skill level 4 in Unarmed Combat
  1268 | D:1      | Gained mutation: You have very sharp fingernails. [demonic
                  | ancestry]
  1268 | D:1      | Reached XP level 4. HP: 28/34 MP: 4/4
  1598 | D:1      | Found a faded altar of an unknown god.
  2179 | D:3      | Found Zin's Purification Station.
  2356 | D:3      | Found a glowing drain.
  2406 | D:3      | Reached XP level 5. HP: 35/41 MP: 5/5
  2417 | Sewer    | Entered a sewer
  2513 | Sewer    | Reached skill level 5 in Unarmed Combat
  2798 | Sewer    | Reached XP level 6. HP: 42/48 MP: 6/6
  3182 | D:3      | Noticed Jessica
  3192 | D:3      | Killed Jessica
  3716 | D:4      | Found a runed translucent door.
  3717 | D:4      | Noticed Crazy Yiuf
  3744 | D:4      | Reached skill level 6 in Unarmed Combat
  3877 | D:4      | Identified the +1 hand axe of Peyrr {vorpal, rPois Will+}
  3936 | D:4      | Noticed Grinder
  3943 | D:4      | Paralysed by Grinder for 5 turns
  3951 | D:4      | Killed Grinder
  3952 | D:4      | Gained mutation: You regenerate magic rapidly. [demonic
                  | ancestry]
  3952 | D:4      | Reached XP level 7. HP: 25/55 MP: 7/7
  4162 | D:4      | Reached skill level 5 in Fighting
  5027 | D:4      | Killed Crazy Yiuf
  5054 | D:5      | Entered Level 5 of the Dungeon
  5063 | D:5      | Reached skill level 7 in Unarmed Combat
  5144 | D:5      | Found a radiant altar of Vehumet.
  5376 | D:5      | Found a bloodstained altar of Trog.
  5461 | D:5      | Found a burning altar of Makhleb.
  5492 | D:5      | Reached skill level 1 in Armour
  5492 | D:5      | Reached skill level 1 in Stealth
  5498 | D:5      | Reached XP level 8. HP: 63/63 MP: 8/8
  5510 | D:5      | Found a basalt altar of Yredelemnul.
  5993 | D:5      | Found a shadowy altar of Dithmenos.
  7137 | D:6      | Found the +3 warlock's mirror {reflect}
  7188 | D:6      | Reached skill level 8 in Unarmed Combat
  7448 | D:6      | Found a sacrificial altar of Ru.
  7501 | D:6      | Reached skill level 1 in Shields
  7551 | D:6      | Found an ornate altar of the Wu Jian Council.
  7688 | D:7      | Gained mutation: You are mostly covered in razor-sharp
                  | scales. (AC +2, Slay +2) [demonic ancestry]
  7688 | D:7      | Reached XP level 9. HP: 69/69 MP: 9/9
  7691 | D:7      | Found a hide-covered altar of Uskayaw.
  7712 | D:7      | Became a worshipper of Uskayaw the Reveller
  7734 | D:7      | Reached * piety under Uskayaw
  7737 | D:7      | Reached ** piety under Uskayaw
  7741 | D:7      | Reached *** piety under Uskayaw
  7743 | D:7      | Reached **** piety under Uskayaw
  7749 | D:7      | Reached ***** piety under Uskayaw
  7759 | D:7      | HP: 3/71 [poisoned by a killer bee]
  8281 | D:7      | Found an ancient bone altar of Kikubaaqudgha.
  8392 | D:7      | You fall into a shaft and drop 3 floors!
  8392 | D:10     | Entered Level 10 of the Dungeon
  8521 | D:8      | Found Rygiynei's Weapon Boutique.
  8521 | D:8      | Noticed Harold
  8593 | D:7      | Found a shimmering blue altar of Sif Muna.
  8722 | D:7      | Found a staircase to the Ecumenical Temple.
  8965 | Temple   | Entered the Ecumenical Temple
  9358 | D:8      | Killed Harold
  9359 | D:8      | Reached skill level 9 in Unarmed Combat
  9383 | D:8      | Gained mutation: A weak demonic guardian rushes to your
                  | aid. [demonic ancestry]
  9383 | D:8      | Reached XP level 10. HP: 9/77 MP: 10/10
  9397 | D:8      | HP: 1/77 [orc warrior/+0 glaive (13)]
  9399 | D:8      | Slain by an orc warrior

Illustrated notes

Levels and vault maps discovered:
D:1:      minmay_arrival_plants_in_alcoves, layout_basic,
          ebering_ecumenical_altar_sacrificial
D:2:      layout_loops_corners, basic_altar, serial_shops, shop
D:3:      layout_basic, zin_purify, gup_sewer_entry_glass,
          hangedman_abyss_or_decor_lesser_grid, minivault_25, uniq_jessica
D:4:      layout_layer_cave, overflow_temple_1_default, dk_noncrumbling_4,
          uniq_crazy_yiuf_cottage, uniq_grinder
D:5:      layout_loops_ring, nicolae_overflow_quartered_altars, vehumet_crystals
D:6:      layout_cave_pools, lemuel_doored_altar, nicolae_ru_awakened_eye
D:7:      layout_loops_cross, kennysheep_mini, nicolae_uskayaw_dance_hall,
          nicolae_kikubaaqudgha_miasma_corner, temple_fountains
D:8:      layout_layer_cave, serial_shops, shop, chequers_mini_garden,
          uniq_maurice, uniq_harold
D:9:      layout_irregular_city
D:10:     layout_basic, okawaru_trees_1, due_lair_maze_entry_diamond,
          small_statue_intersection
Temple:   compressed_dpeg_triangle_lava_temple

Skill      XL: |  1  2  3  4  5  6  7  8  9 |
---------------+----------------------------+-----
Unarmed Combat | 3 4 5 6 7 8 9 |  9.2
Fighting       | 3 4 5 6 |  6.9
Armour         | 1 2 3 |  3.8
Dodging        | 3 4 |  4.9
Stealth        | 1 2 4 |  4.1
Shields        | 1 2 |  2.9
Throwing       | |  1.7

Action                   |  1- 3 |  4- 6 |  7- 9 | 10-12 || total
-------------------------+-------+-------+-------+-------++-------
Melee: Unarmed           |   126 |   206 |   326 |       ||   658
       Punch             |     1 |     3 |     8 |       ||    12
Throw: Dart              |       |     5 |     4 |       ||     9
       Throwing net      |       |     1 |       |       ||     1
  Use: Scroll            |       |     5 |       |       ||     5
       Potion            |       |     4 |     6 |       ||    10
 Stab: Sleeping          |     2 |       |     6 |       ||     8
       Distracted        |       |       |     1 |       ||     1
       Paralysed         |       |       |     4 |       ||     4
Armor: Leather armour    |    43 |    63 |    89 |       ||   195
Dodge: Dodged            |    82 |   106 |   161 |     7 ||   356
Block: Buckler           |       |       |    52 |     3 ||    55
       Reflection        |       |       |     2 |       ||     2

Table legend: (Time is in decaauts)
 A = Elapsed time spent in this place.
 B = Non-inter-level travel time spent in this place.
 C = Inter-level travel time spent in this place.
 D = Time resting spent in this place.
 E = Time spent auto-exploring this place.
 F = Levels seen in this place.
 G = Mean time per level.
                   A        B        C        D        E       F      G
               +--------+--------+--------+--------+--------+-----+--------+
         Total |   9434 |   9203 |    231 |   2015 |   5618 |  12 |  786.2 |
       Dungeon |   8386 |   8175 |    211 |   1966 |   4827 |  10 |  838.6 |
        Temple |    345 |    326 |     19 |      0 |    326 |   1 |  345.0 |
         Sewer |    702 |    702 |      0 |     48 |    465 |   1 |  702.0 |
               +--------+--------+--------+--------+--------+-----+--------+

Top non-repeatable levels by time:
     D:6: 1665 daAuts
     D:4: 1421 daAuts
     D:2: 1369 daAuts
     D:5: 1255 daAuts
     D:3: 905 daAuts
     D:7: 837 daAuts
     D:1: 725 daAuts
   Sewer: 702 daAuts
  Temple: 345 daAuts
     D:8: 128 daAuts
     D:9: 69 daAuts
    D:10: 9 daAuts
